 Dungeon Crawl Stone Soup version 0.19-a0-706-g03de5d9 (webtiles) character file.

625893 nubinia the Archmage (level 27, -34/136 HPs)
             Began as a Deep Elf Wizard on June 10, 2016.
             Was the Champion of Zin.
             Annihilated by a white very ugly thing (47 damage)
             ... on level 2 of the Abyss on June 19, 2016.
             The game lasted 15:49:20 (79280 turns).

nubinia the Archmage (Deep Elf Wizard)             Turns: 79280, Time: 15:49:21

Health: -34/136    AC: 32    Str: 12    XL:     27
Magic:  72/74      EV: 31    Int: 31    God:    Zin [******]
Gold:   4082       SH: 16    Dex: 25    Spells: 19 memorised, 8 levels left

rFire  + . .     SeeInvis +     b - +9 rapier (protect)
rCold  . . .     Gourm    .     n - +2 leather armour of Elyvilon's Pride {MR+ MP+9 Str+2}
rNeg   + . .     Faith    .     a - +2 shield {reflect}
rPois  .         Spirit   .     f - +3 crown of Dyrovepreva {rElec Int+2 SInv}
rElec  +         Dismiss  .     w - +2 cloak
rCorr  +         Reflect  +     u - +0 pair of gloves of the Orb {rElec Regen+ rCorr}
SustAt +         Harm     .     C - +2 pair of boots {Fly}
MR     +++..                    k - amulet of Ideocs {Reflect rF+ MP+9 Dex+4 SH+3 SInv}
Stlth  +++++++...               t - ring of Byocw {rN+ Str+6}
                                J - ring of Circularity {SustAt Stlth+}

@: icy armour, about to teleport, short of breath, reciting, flying, very
slightly contaminated, non-regenerating, diseased, slowed, studying Armour,
deflect missiles, invisible, very slow, extremely resistant to hostile
enchantments, extremely stealthy
A: no striking features
a: Recite, Vitalisation, Imprison, Sanctuary, Donate Gold, Cure All Mutations,
Renounce Religion, Stop Flying
}: 3/15 runes: serpentine, barnacled, silver


You were on level 2 of the Abyss.
You worshipped Zin.
Zin was exalted by your worship.
You were not hungry.

You visited 11 branches of the dungeon, and saw 52 of its levels.
You visited the Abyss 3 times.
You also visited: Ice Cave and Wizlab.

You collected 8703 gold pieces.
You spent 751 gold pieces at shops.
You donated 3870 gold pieces to Zin.

Inventory:

Hand Weapons
 b - a +9 rapier of protection (weapon)
Armour
 a - a +2 shield of reflection (worn)
 f - the +3 crown of Dyrovepreva (worn) {rElec Int+2 SInv}
   (You found it on level 3 of the Elven Halls)

   It affects your intelligence (+2).
   It insulates you from electricity.
   It lets you see invisible.
 n - the +2 leather armour of Elyvilon's Pride (worn) {MR+ MP+9 Str+2}
   (You found it in a wizard's laboratory)

   It affects your strength (+2).
   It affects your resistance to hostile enchantments.
   It affects your magic capacity (+9).
 u - the +0 pair of gloves of the Orb (worn) {rElec Regen+ rCorr}
   (You acquired it on level 1 of the Elven Halls)

   It insulates you from electricity.
   It increases your rate of regeneration.
   It protects you from acid and corrosion.
 w - a +2 cloak (worn)
 C - a +2 pair of boots of flying (worn)
 V - a +2 pair of gloves of dexterity
Jewellery
 i - the ring of Ifonuc {+Blink MR++ Str-2 Slay+4 Stlth-}
   (You found it on level 3 of the Depths)

   [ring of loudness]

   It affects your strength (-2).
   It affects your accuracy and damage with ranged weapons and melee attacks
   (+4).
   It affects your resistance to hostile enchantments.
   It lets you blink.
   It makes you less stealthy.
 k - the amulet of Ideocs (around neck) {Reflect rF+ MP+9 Dex+4 SH+3 SInv}
   (You took it off a deep elf high priest on level 3 of the Elven Halls)

   [amulet of reflection]

   It shields you and reflects attacks.
   It affects your dexterity (+4).
   It protects you from fire.
   It affects your magic capacity (+9).
   It lets you see invisible.
   It affects your SH (+3).
 t - the ring of Byocw (right hand) {rN+ Str+6}
   (You found it on level 3 of the Crypt)

   [ring of positive energy]

   It affects your strength (+6).
   It protects you from negative energy.
 v - an uncursed ring of protection from fire
 H - the ring "Koseto" {rC+ rN+ AC+1 Str+4 Int-5}
   (You took it off a yaktaur captain on level 4 of the Vaults)

   [ring of protection]

   It affects your AC (+1).
   It affects your strength (+4).
   It affects your intelligence (-5).
   It protects you from cold.
   It protects you from negative energy.
 J - the ring of Circularity (left hand) {SustAt Stlth+}
   (You found it on level 5 of the Vaults)

   [ring of sustain attributes]

   It sustains your strength, intelligence and dexterity.
   It makes you more stealthy.
 K - the ring "Vypi Wor" {rElec rPois MP+9}
   (You found it on level 8 of the Dungeon)

   [ring of poison resistance]

   It insulates you from electricity.
   It protects you from poison.
   It affects your magic capacity (+9).
 N - the ring of Shaolin {EV+8}
   (You took it off a deep elf mage on level 5 of the Vaults)

   [ring of evasion]

   It affects your evasion (+8).
 T - the ring of Tixt {rN+ Int+3}
   (You found it on level 3 of the Crypt)

   [ring of positive energy]

   It affects your intelligence (+3).
   It protects you from negative energy.
 W - the ring "Diprag" {*Corrode rN+ MR+ Str-2 Dex+7}
   (You took it off a deep elf master archer on level 3 of the Elven Halls)

   [ring of protection from magic]

   It affects your strength (-2).
   It affects your dexterity (+7).
   It protects you from negative energy.
   It affects your resistance to hostile enchantments.
   It may corrode you when you take damage.
Wands
 g - a wand of acid (3/15)
 r - a wand of disintegration (11/24)
 O - a wand of lightning (3/15)
 Q - a wand of iceblast (2/15)
Scrolls
 l - a scroll of identify
 m - 4 scrolls of fog
 o - a scroll of blinking
 p - 5 scrolls of magic mapping
 y - 10 scrolls of recharging
 D - 5 scrolls of teleportation
 G - 13 scrolls of remove curse
 P - 6 scrolls of fear
 Y - 3 scrolls of holy word
 Z - 3 scrolls of summoning
Potions
 e - 3 potions of resistance
 j - 3 potions of invisibility
 q - 7 potions of magic
 s - 8 potions of curing
 x - 2 potions of cancellation
 A - a potion of heal wounds
 E - 7 potions of brilliance
 I - 2 potions of cure mutation
 L - 5 potions of agility
 R - a potion of might
Books
 c - a book of the Tempests

   Spells                             Type                      Level
   a - Static Discharge               Conjuration/Air              3
   b - Lightning Bolt                 Conjuration/Air              5
   c - Fireball                       Conjuration/Fire             5
   d - Tornado                        Air                          9
   e - Shatter                        Earth                        9
 M - a manual of Armour
Miscellaneous
 h - a lamp of fire
 z - a sack of spiders
 F - a fan of gales
 X - 2 phantom mirrors
Comestibles
 d - 13 bread rations
 B - 3 chunks of flesh


   Skills:
 + Level 4.5 Fighting
 + Level 5.7 Short Blades
 + Level 4.4 Armour
 + Level 20.2 Dodging
 - Level 13.9 Stealth
 - Level 7.3 Shields
 O Level 27 Spellcasting
 - Level 26.0 Conjurations
   Level 14.0 Hexes
 - Level 17.5 Charms
 - Level 1.1 Summonings
   Level 15.0 Necromancy
 - Level 10.6 Translocations
   Level 4.6 Transmutations
 - Level 2.5 Fire Magic
 - Level 13.2 Air Magic
 - Level 0.9 Poison Magic
 * Level 6.8 Invocations
 - Level 3.7 Evocations


You had 8 spell levels left.
You knew the following spells:

 Your Spells              Type           Power        Failure   Level  Hunger
a - Airstrike             Air            #######...   1%          4    None
b - Iskenderun's Mystic   Conj           ########     0%          4    None
c - Mephitic Cloud        Conj/Pois/Air  #######.     1%          3    None
d - Apportation           Tloc           #######...   1%          1    None
e - Blink                 Tloc           N/A          1%          2    None
f - Force Lance           Conj/Tloc      ########     0%          4    None
g - Shroud of Golubria    Chrm/Tloc      #######...   0%          2    None
h - Swiftness             Chrm/Air       #######.     0%          2    None
i - Iskenderun's Battles  Conj/Chrm      ########     0%          5    None
j - Bolt of Magma         Conj/Fire/Erth #######...   1%          5    None
l - Haste                 Chrm           ########     1%          6    None
m - Fireball              Conj/Fire      #######...   1%          5    None
n - Freezing Cloud        Conj/Ice/Air   #######...   1%          6    None
o - Ozocubu's Armour      Chrm/Ice       #######.     1%          3    None
p - Deflect Missiles      Chrm/Air       #######...   1%          6    None
q - Summon Lightning Spi  Summ/Air       ######..     1%          4    None
r - Delayed Fireball      Conj/Fire      N/A          6%          7    None
s - Passage of Golubria   Tloc           N/A          1%          4    None
t - Sticky Flame          Conj/Fire      #######.     1%          4    None


Dungeon Overview and Level Annotations

Branches:
Dungeon (15/15)            Temple (1/1) D:7            Lair (6/6) D:11
 Shoals (4/4) Lair:4        Snake (4/4) Lair:4        Slime (4/5) Lair:6
    Orc (2/2) D:12            Elf (3/3) Orc:2        Vaults (5/5) D:14
  Crypt (3/3) Vaults:3       Tomb (0/3) Crypt:3      Depths (5/5) D:15
    Zot (0/5) Depths:5

Altars:
Ashenzari
Cheibriados
Dithmenos
Elyvilon
Fedhas
Gozag
Hepliaklqana
Kikubaaqudgha
Makhleb
Nemelex Xobeh
Okawaru
Pakellas
Qazlal
Ru
Sif Muna
Uskayaw
Vehumet
Xom
Yredelemnul
Zin
The Shining One
Jiyva

Shops:
D:4 %   D:6 [   D:12 [   Orc:2 **!(   Elf:3 [   Shoals:1 [   Vaults:3 =[[%(
Depths:1 *   Depths:4 *

Portals:
Hell: Depths:1 Depths:2 Depths:3 Depths:4 Depths:5
Abyss: Depths:4
Pandemonium: Depths:2 Depths:3 Depths:4
Ziggurat: Depths:1
Trove: D:10 (give 8 potions of haste)

Annotations:
Vaults:3 Yara!


Message History

The ancient zyme is limned with silver light.
The elf zombie is limned with silver light.
The chaos spawn is limned with silver light.
The chaos spawn croaks.
The white ugly thing is smitten by the wrath of Zin.
The white ugly thing is moderately wounded.
The white ugly thing gurgles horribly!
You hear a shout!
The chaos spawn is seared!
The ancient zyme completely misses you. You block the ancient zyme's attack.
A deafening chorus of shrieks assaults your mind!
* * * LOW HITPOINT WARNING * * *
The green very ugly thing barely misses you.
The white very ugly thing closely misses you.
The ancient zyme misses you. You block the ancient zyme's attack.
You feel ill.
The apocalypse crab completely misses you.
The apocalypse crab misses you.
The white very ugly thing tentacle-slaps you!
* * * LOW HITPOINT WARNING * * *
The white very ugly thing freezes you!!!
You die...

## .\.....#.#
##≈##.\.#...#
#≈..#.≈...###
#≈≈ #.X..#
#.##≈###...#
#...≈..XXX.#
3.#..##.X.X.##
#......tuZu.#
##..##L@u#. #
#. ##xu#...#
#. #.3.# ##
#....#X.
##.##.x # #..
... #.. ...
#.. #.. ....
#..


You could see 5 starcursed masses, an ancient lich (invisible), 3 very ugly
things, a tentacled starspawn (dazed), a white ugly thing, an ancient zyme, an
apocalypse crab, a chaos spawn and an elf zombie.

Vanquished Creatures
  Khufu (Crypt:3)
  A juggernaut (Depths:4)
  Mara (Depths:1)
  The ghost of namelastname112 the Metallomancer, a veteran DrFE of Ru (Vaults:5)
  2 greater mummies (Crypt:3)
  Sojobo (Vaults:4)
  Frederick (Vaults:3)
  Margery (Vaults:2)
  Saint Roka (Elf:2)
  3 caustic shrikes
  A curse toe (Crypt:3)
  Xtahua (Vaults:4)
  Nikola (Elf:1)
  Jory (Depths:3)
  6 golden dragons
  A profane servitor (Crypt:3)
  A bone dragon (Abyss:1)
  4 liches
  4 tentacled monstrosities
  2 deep elf master archers (Elf:3)
  A Hell Sentinel (WizLab)
  Asterion (Elf:1)
  A kraken (Shoals:1)
  2 quicksilver dragons (Vaults:4)
  3 deep elf blademasters
  A titan (Vaults:5)
  2 acid blobs
  Gastronok (D:8)
  3 tentacled starspawn
  Polyphemus (Shoals:4)
  4 sphinxes
  7 ancient champions
  Agnes (Elf:1)
  2 storm dragons
  7 tengu reavers
  5 azure jellies
  4 shadow dragons
  10 greater nagas
  3 revenants (Crypt:3)
  Wiglaf (Crypt:1)
  5 fire giants
  A fire giant (shapeshifter) (Depths:3)
  5 deep elf sorcerers
  8 frost giants
  Louise (Elf:1)
  A draconian knight (Depths:5)
  An orc warlord (Orc:1)
  A frost giant (shapeshifter) (Depths:3)
  Maud (D:13)
  5 deep elf elementalists
  A curse skull (Crypt:2)
  9 vault wardens
  An iron dragon (Depths:1)
  15 ghouls
  2 cacodemons (WizLab)
  Aizul (Snake:4)
  15 stone giants
  23 very ugly things
  A draconian caller (Depths:5)
  4 war gargoyles
  9 ironheart preservers
  11 vampire knights
  A green draconian (Depths:5)
  2 black draconians (Depths:5)
  9 deep elf demonologists
  A lorocyproca (WizLab)
  3 dire elephants
  10 deep elf annihilators
  A red draconian (Depths:5)
  A white draconian (Depths:5)
  Snorg (Orc:2)
  A yellow draconian (Depths:5)
  A blizzard demon (WizLab)
  7 merfolk javelineers
  A death ooze (Slime:3)
  17 crystal guardians (Depths:3)
  5 eidola
  8 ettins
  5 merfolk impalers
  14 deep elf death magi
  3 green deaths
  3 jiangshi (Crypt:3)
  5 deep elf high priests
  An entropy weaver (shapeshifter) (Depths:3)
  2 entropy weavers (Depths:2)
  8 great orbs of eyes
  9 yaktaur captains
  3 rakshasas
  3 spriggan air magi
  10 fire dragons
  22 vault guards
  7 ice dragons
  A ghost crab (shapeshifter) (Depths:3)
  A catoblepas (Lair:6)
  A hell beast (Depths:1)
  11 naga warriors
  10 merfolk avatars
  10 anacondas
  3 merfolk aquamancers
  8 centaur warriors
  5 death knights
  10 hydras
  Erica (D:8)
  3 alligator snapping turtles
  A satyr (shapeshifter) (Depths:3)
  5 deep troll shamans
  14 ogre magi
  A hell hog (shapeshifter) (Depths:3)
  37 dancing weapons
  5 vampire magi
  3 satyrs (Shoals:3)
  8 deep troll earth magi
  10 death yaks
  2 thrashing horrors (Abyss:1)
  8 tengu warriors
  11 shock serpents
  2 spriggan berserkers (Depths:4)
  2 soul eaters (Crypt:3)
  2 orc high priests
  8 naga sharpshooters
  31 deep elf knights
  An iron troll (Depths:1)
  2 sun demons
  A fire crab (shapeshifter) (Depths:3)
  5 shadow wraiths
  2 wretched stars (Abyss:1)
  A titan skeleton (Crypt:3)
  26 skeletal warriors
  5 large abominations (Abyss:1)
  A fire crab (Lair:6)
  14 sea snakes
  4 salamander mystics
  9 hell knights
  20 deep trolls
  3 naga ritualists
  A shadow demon (WizLab)
  An anaconda zombie (Abyss:3)
  4 unseen horrors
  A golden dragon zombie (Crypt:2)
  6 flayed ghosts
  A death drake (shapeshifter) (Depths:5)
  An orange crystal statue (D:15)
  4 hill giants
  An anaconda skeleton (Crypt:2)
  15 deep elf archers
  13 giant orange brains
  A sphinx zombie (Crypt:1)
  4 obsidian statues (Depths:3)
  17 harpies
  A giant orange brain (shapeshifter) (Depths:3)
  9 phantasmal warriors
  19 ironbrand convokers
  13 orc knights
  2 harpies (shapeshifter) (Depths:3)
  A golden dragon skeleton (Crypt:3)
  An anubis guard (shapeshifter) (Depths:3)
  7 mana vipers
  3 necromancers
  3 shining eyes
  70 deep elf magi
  10 cyclopes
  A fire giant zombie (Crypt:1)
  17 salamanders
  A salamander (shapeshifter) (Elf:2)
  4 hornets
  A mana viper (shapeshifter) (Depths:3)
  40 ugly things
  An iron dragon zombie (Crypt:1)
  3 wolf spiders
  A hornet (shapeshifter) (Depths:2)
  11 griffons
  5 orc sorcerers
  24 fauns
  2 sixfirhies
  A stone giant skeleton (Vaults:2)
  An iron dragon skeleton (Crypt:3)
  A moth of wrath (shapeshifter) (Vaults:2)
  20 black mambas
  35 elephants
  A rust devil (Abyss:2)
  10 manticores
  Maurice (Orc:1)
  7 sirens
  7 guardian serpents (Snake:4)
  3 centaur zombies
  15 vault sentinels
  A torpor snail (shapeshifter) (Vaults:5)
  An apocalypse crab (Abyss:3)
  2 centaur skeletons
  4 molten gargoyles (Depths:3)
  4 gargoyles
  3 smoke demons
  Joseph (D:7)
  An octopode (shapeshifter) (Vaults:1)
  2 water nymphs (shapeshifter)
  4 water nymphs
  An eye of devastation (Slime:1)
  19 naga magi
  Psyche (D:8)
  8 spiny frogs
  6 kobold demonologists
  A yaktaur (shapeshifter) (Vaults:4)
  6 rime drakes
  An efreet (Abyss:1)
  33 yaktaurs
  3 ice devils
  10 komodo dragons
  2 ancient zymes (Abyss:1)
  A demonic crawler (Abyss:1)
  5 guardian mummies
  9 freezing wraiths
  A hellwing (Abyss:1)
  A black draconian skeleton (Crypt:2)
  A red devil (Depths:4)
  11 trolls
  Prince Ribbit (D:9)
  24 merfolk
  5 wind drakes
  A tengu conjurer (D:14)
  A jumping spider (Depths:1)
  15 polar bears
  68 slime creatures
  A wind drake (shapeshifter) (Vaults:3)
  A meliai (D:14)
  20 two-headed ogres
  4 snapping turtles
  A shadow dragon simulacrum (Crypt:3)
  A blink frog (shapeshifter) (Vaults:1)
  2 boulder beetles
  A frost giant simulacrum (Abyss:1)
  2 raiju (shapeshifter)
  A satyr zombie (Crypt:3)
  5 bog bodies
  17 raiju
  11 blink frogs
  A black mamba zombie (Crypt:1)
  6 redbacks
  11 water elementals
  8 spriggans
  10 flying skulls
  37 yaks
  15 wraiths
  14 air elementals
  2 shadows
  4 vampires
  3 ynoxinuls
  7 wyverns
  2 fire bats (Abyss:1)
  7 fire elementals
  Grum (D:8)
  3 chaos spawn
  A giant leech zombie (Crypt:1)
  An ice dragon skeleton (Crypt:2)
  4 hungry ghosts
  A basilisk (Lair:2)
  A steam dragon (shapeshifter) (Depths:3)
  11 hippogriffs
  A yaktaur simulacrum (Vaults:2)
  5 golden eyes (Slime:4)
  4 vampire mosquitoes (Vaults:1)
  3 neqoxecs
  2 mottled dragons
  14 small abominations
  4 wargs
  A swamp worm (shapeshifter) (Vaults:4)
  2 insubstantial wisps (Depths:3)
  18 water moccasins
  A water moccasin (shapeshifter) (Vaults:1)
  3 hell hounds (Abyss:3)
  53 nagas
  A merfolk skeleton (Crypt:3)
  7 porcupines
  A giant eyeball (Depths:2)
  A giant eyeball (shapeshifter) (Vaults:5)
  28 orc warriors
  6 eyes of draining
  2 sky beasts (D:10)
  2 black bears
  5 ice beasts
  4 necrophages
  5 phantoms
  7 wasps
  16 boggarts
  26 wolves
  41 ogres
  A snapping turtle skeleton (Crypt:1)
  14 centaurs
  13 crocodiles
  14 giant frogs
  2 big kobolds (D:14)
  A wyvern zombie (D:10)
  12 earth elementals
  A human skeleton (Vaults:2)
  6 scorpions
  A troll zombie (D:12)
  19 killer bees
  A warg skeleton (Crypt:3)
  16 wights
  12 howler monkeys
  An electric eel (Lair:6)
  9 crimson imps
  8 starcursed masses (Abyss:1)
  2 human simulacra (Vaults:3)
  2 quasits
  6 hounds
  3 human zombies (D:8)
  3 jellies
  2 giant frog skeletons
  25 orc priests
  An iron imp (Abyss:1)
  A soldier ant zombie (Crypt:2)
  Terence (D:2)
  9 iguanas
  20 orc wizards
  11 worker ants
  A porcupine skeleton (Crypt:1)
  27 sheep
  A mottled dragon zombie (Crypt:3)
  5 ogre zombies (D:12)
  A crocodile skeleton (Crypt:3)
  5 hound skeletons
  3 gnolls (D:5)
  A hell rat skeleton (Crypt:2)
  17 adders
  58 river rats
  A swamp drake skeleton (Crypt:1)
  8 shadow imps
  An ufetubus (Abyss:1)
  An ooze (D:6)
  An adder zombie (D:6)
  2 worms
  8 ball lightnings (Depths:3)
  4 dart slugs
  6 giant geckos
  87 orcs
  2 ball pythons
  9 bats
  10 giant cockroaches
  9 hobgoblins
  15 jackals
  14 kobolds
  4 quokkas
  A giant gecko skeleton (D:4)
  6 giant newts
  11 goblins
  2 goblin zombies
  2 hobgoblin zombies (D:12)
  A jackal zombie (Crypt:2)
  2 orc skeletons
  15 orc zombies
  A quokka skeleton (D:7)
  2 quokka zombies
  9 rats
  A rat (shapeshifter) (Depths:3)
  2 crawling corpses (Elf:1)
  A lost soul (Crypt:1)
  A pillar of salt (Abyss:3)
  2 plants
  3 starspawn tentacles (Abyss:1)
  A tentacle (Shoals:1)
2429 creatures vanquished.

Vanquished Creatures (collateral kills)
  A caustic shrike (Depths:4)
  2 golden dragons (Depths:2)
  2 titans
  3 ancient champions
  A sphinx (Vaults:4)
  A shadow dragon (Vaults:4)
  Donald (Crypt:1)
  A revenant (Crypt:3)
  2 deep elf sorcerers
  2 frost giants
  Ilsuiw (Shoals:4)
  4 fire giants
  3 vault wardens
  A deep elf elementalist (Elf:3)
  5 very ugly things
  6 ghouls
  2 ironheart preservers
  4 spriggan defenders
  3 war gargoyles
  8 stone giants
  A vampire knight (Depths:2)
  A deep elf annihilator (Vaults:5)
  A purple draconian (Depths:5)
  2 spark wasps (Depths:4)
  An ettin (Depths:1)
  A merfolk javelineer (Shoals:3)
  3 deep elf death magi
  5 jiangshi
  2 yaktaur captains
  An entropy weaver (Depths:1)
  2 deep elf high priests
  A great orb of eyes (Vaults:3)
  A hydra (shapeshifter) (Elf:2)
  2 naga warriors
  2 vault guards (Vaults:4)
  2 centaur warriors
  A spriggan air mage (Depths:4)
  2 death knights
  A catoblepas (Shoals:4)
  4 ogre magi
  A death yak (Shoals:4)
  A vampire mage (Crypt:3)
  3 deep troll earth magi
  A tengu warrior (D:15)
  A hell knight (Depths:2)
  4 deep elf knights (Elf:1)
  2 soul eaters (WizLab)
  7 naga sharpshooters
  A salamander mystic (Snake:4)
  4 shadow wraiths (Crypt:3)
  6 skeletal warriors
  A storm dragon skeleton (Crypt:1)
  12 deep trolls
  A flayed ghost (Crypt:3)
  2 sea snakes (Snake:4)
  3 hill giants
  2 ironbrand convokers
  A deep elf archer (Elf:2)
  An orc knight (Vaults:1)
  4 deep elf magi
  2 necromancers
  A phantasmal warrior (Crypt:1)
  13 ugly things
  3 harpies
  A frost giant zombie (Crypt:3)
  A mana viper (Snake:1)
  An orc sorcerer (Vaults:1)
  4 cyclopes
  A faun (Shoals:4)
  2 manticores
  4 salamanders
  2 guardian serpents
  A stone giant skeleton (Crypt:3)
  3 black mambas
  3 naga magi
  A siren (Shoals:3)
  3 vault sentinels
  A gargoyle (D:13)
  A spiny frog (shapeshifter) (Vaults:4)
  A green draconian zombie (Crypt:3)
  A dire elephant skeleton (Crypt:1)
  A freezing wraith (Vaults:4)
  9 yaktaurs
  2 ice devils
  A purple draconian zombie (Crypt:2)
  A kobold demonologist (D:14)
  A guardian mummy (Crypt:3)
  3 merfolk
  3 trolls
  2 meliai (D:14)
  A wind drake (shapeshifter) (Depths:3)
  A jumping spider (Vaults:2)
  A wolf spider simulacrum (Crypt:1)
  10 two-headed ogres
  3 bog bodies
  A slime creature (Depths:1)
  3 flying skulls (Crypt:1)
  An ettin skeleton (Crypt:3)
  2 snapping turtles
  A redback (Vaults:2)
  3 wraiths
  A shadow (Crypt:1)
  An air elemental (Elf:3)
  2 water elementals
  A hippogriff (D:14)
  A hog (shapeshifter) (Vaults:2)
  A neqoxec (WizLab)
  A hungry ghost (D:15)
  A vampire mosquito (Vaults:1)
  A warg (Vaults:4)
  10 nagas
  A soldier ant (D:13)
  A giant eyeball (shapeshifter) (Vaults:1)
  A spiny frog skeleton (Crypt:3)
  5 orc warriors
  2 black bears (shapeshifter)
  26 ogres
  2 phantoms
  4 necrophages
  6 centaurs
  A manticore skeleton (Crypt:3)
  A fire crab zombie (Crypt:1)
  2 big kobolds (D:14)
  A giant frog (D:13)
  An earth elemental (Elf:1)
  A spriggan skeleton (Crypt:3)
  A troll skeleton (Crypt:3)
  3 orc priests
  4 orc wizards
  A human zombie (Crypt:3)
  A two-headed ogre skeleton (Crypt:2)
  2 sheep (Shoals:3)
  A dwarf zombie (Crypt:1)
  A mummy (Crypt:3)
  4 orcs
  3 kobolds (D:14)
  6 plants
349 creatures vanquished.

Vanquished Creatures (others)
  A deep elf annihilator (Vaults:3)
  4 yaktaur captains
  A centaur warrior (D:15)
  2 giant orange brains
  5 yaktaurs
  A wind drake (Depths:3)
  A polar bear (IceCv)
  2 raiju
  6 water elementals
  A redback (Depths:1)
  2 air elementals
  A yak (IceCv)
  A neqoxec (Abyss:3)
  A basilisk (shapeshifter) (Depths:3)
  A giant eyeball (shapeshifter) (Depths:3)
  An ogre (Depths:1)
  An eye of draining (shapeshifter) (Depths:3)
  A boggart (Depths:4)
  3 centaurs
  2 ball lightnings (Depths:3)
  A giant gecko (D:7)
  2 bushes
  53 fungi
  2 lost souls
  3 pillars of salt (Abyss:3)
  48 plants
  10 starspawn tentacles
  277 starspawn tentacle segments
  8 tentacles (Shoals:1)
  146 tentacle segments (Shoals:1)
588 creatures vanquished.

Grand Total: 3366 creatures vanquished

Notes
Turn   | Place    | Note
--------------------------------------------------------------
     0 | D:1      | nubinia the Deep Elf Wizard began the quest for the Orb.
     0 | D:1      | Reached XP level 1. HP: 10/10 MP: 7/7
   309 | D:1      | Reached XP level 2. HP: 15/15 MP: 4/9
   344 | D:1      | Reached skill level 5 in Spellcasting
   393 | D:1      | Learned a level 2 spell: Repel Missiles
  1121 | D:1      | Reached XP level 3. HP: 19/19 MP: 11/11
  1975 | D:2      | Found an iron altar of Okawaru.
  2212 | D:2      | Reached XP level 4. HP: 24/24 MP: 9/13
  2389 | D:2      | Noticed Terence
  2401 | D:1      | Reached skill level 6 in Spellcasting
  2435 | D:1      | Learned a level 3 spell: Conjure Flame
  2439 | D:1      | Learned a level 3 spell: Mephitic Cloud
  2442 | D:1      | Learned a level 2 spell: Blink
  2496 | D:2      | Found a white marble altar of Elyvilon.
  2566 | D:2      | Killed Terence
  3824 | D:3      | Reached XP level 5. HP: 28/28 MP: 11/15
  4210 | D:4      | Noticed an ogre
  4219 | D:4      | Killed an ogre
  4219 | D:4      | Reached skill level 7 in Spellcasting
  4219 | D:4      | Reached XP level 6. HP: 32/32 MP: 10/18
  4757 | D:4      | Found Gimahazo's Food Emporium.
  5156 | D:4      | Found an ancient bone altar of Kikubaaqudgha.
  5369 | D:4      | Reached XP level 7. HP: 37/37 MP: 13/20
  5413 | D:4      | Found a deep blue altar of Sif Muna.
  5416 | D:4      | Became a worshipper of Sif Muna the Loreminder
  5671 | D:5      | Entered Level 5 of the Dungeon
  5695 | D:5      | Reached skill level 1 in Short Blades
  5912 | D:5      | Found a shadowy altar of Dithmenos.
  5970 | D:5      | Reached skill level 8 in Spellcasting
  6055 | D:5      | Reached skill level 5 in Conjurations
  6591 | D:5      | Found a radiant altar of Vehumet.
  6591 | D:5      | Found a shimmering altar of Xom.
  6699 | D:5      | Reached skill level 1 in Air Magic
  6760 | D:5      | Reached * piety under Sif Muna
  6926 | D:5      | Reached XP level 8. HP: 42/42 MP: 11/22
  7378 | D:6      | Found Kiusem's Armour Shop.
  7504 | D:6      | Reached skill level 9 in Spellcasting
  8096 | D:6      | Identified a scroll of acquirement
  8537 | D:7      | Found a staircase to the Ecumenical Temple.
  8887 | D:7      | Found a stormy altar of Qazlal.
  8897 | D:7      | Found a shattered altar of Ashenzari.
  8970 | D:7      | Found an ancient bone altar of Kikubaaqudgha.
  9054 | D:7      | Learned a level 3 spell: Dazzling Spray
  9138 | D:7      | Reached skill level 1 in Charms
  9171 | D:7      | Noticed Joseph
  9195 | D:8      | Noticed Psyche
  9317 | D:7      | Killed Joseph
  9317 | D:7      | Reached ** piety under Sif Muna
  9317 | D:7      | Reached skill level 5 in Charms
  9499 | D:7      | Learned a level 5 spell: Iskenderun's Battlesphere
  9589 | D:7      | Reached XP level 9. HP: 46/46 MP: 3/24
 10484 | D:8      | Killed Psyche
 10484 | D:8      | Reached *** piety under Sif Muna
 10484 | D:8      | Reached skill level 10 in Charms
 10584 | D:8      | Found a sacrificial altar of Ru.
 10584 | D:8      | Noticed Grum
 10599 | D:8      | Reached skill level 5 in Stealth
 10599 | D:8      | Reached skill level 1 in Invocations
 10625 | D:8      | Killed Grum
 10800 | D:8      | Noticed Erica
 10809 | D:8      | Killed Erica
 10809 | D:8      | Reached skill level 1 in Fighting
 10809 | D:8      | Reached skill level 1 in Armour
 10809 | D:8      | Reached skill level 10 in Spellcasting
 10809 | D:8      | Reached skill level 1 in Hexes
 10961 | D:8      | Reached XP level 10. HP: 39/52 MP: 17/26
 11022 | D:8      | Reached **** piety under Sif Muna
 11240 | D:8      | Got a clouded brass ring
 11241 | D:8      | Identified the ring "Vypi Wor" {rElec rPois MP+9} (You found it on level 8 of the Dungeon)
 11504 | D:8      | Noticed Gastronok
 11667 | D:8      | Reached skill level 11 in Spellcasting
 11696 | D:8      | Found a basalt altar of Yredelemnul.
 11812 | D:8      | Killed Gastronok
 11812 | D:8      | Reached ***** piety under Sif Muna
 11837 | D:8      | Reached skill level 12 in Spellcasting
 11955 | D:8      | Upgraded the game from 0.19-a0-593-gf2cdb02 to 0.19-a0-599-g723c685
 12014 | D:9      | Noticed Prince Ribbit
 12022 | D:9      | Killed Prince Ribbit
 12047 | D:9      | Reached skill level 5 in Invocations
 12071 | D:9      | Found a sparkling altar of Nemelex Xobeh.
 12216 | D:9      | Learned a level 4 spell: Iskenderun's Mystic Blast
 12408 | D:9      | Reached XP level 11. HP: 56/56 MP: 29/29
 12773 | D:10     | Entered Level 10 of the Dungeon
 12949 | D:10     | Learned a level 2 spell: Swiftness
 13017 | D:10     | Gained mutation: You are agile. (Dex +2) [mutagenic meat]
 13018 | D:10     | Gained mutation: Your magical capacity is low. (-10% MP) [mutagenic meat]
 13020 | D:10     | Gained mutation: You have a beak for a mouth. [mutagenic meat]
 13022 | D:10     | Gained mutation: Scrolls take you a little longer to read. [mutagenic meat]
 13023 | D:10     | Lost mutation: You have a beak for a mouth. [potion of cure mutation]
 13023 | D:10     | Lost mutation: Your magical capacity is low. (-10% MP) [potion of cure mutation]
 13023 | D:10     | Lost mutation: You are agile. (Dex +2) [potion of cure mutation]
 13024 | D:10     | Lost mutation: Scrolls take you a little longer to read. [potion of cure mutation]
 13060 | D:10     | Reached skill level 5 in Dodging
 13322 | D:10     | Noticed a hill giant
 13329 | D:10     | Killed a hill giant
 13441 | D:10     | Reached skill level 10 in Conjurations
 13445 | D:10     | Found a portal to a secret trove of treasure.
 13692 | D:11     | Found a frozen archway.
 13697 | D:11     | Reached skill level 13 in Spellcasting
 13698 | D:11     | Reached ****** piety under Sif Muna
 13698 | D:11     | Received a gift from Sif Muna
 13709 | D:11     | Learned a level 3 spell: Regeneration
 13712 | D:11     | Learned a level 2 spell: Shroud of Golubria
 13752 | D:11     | Learned a level 4 spell: Fulminant Prism
 13758 | IceCv    | Entered an ice cave
 14013 | IceCv    | Reached skill level 14 in Spellcasting
 14109 | IceCv    | Reached XP level 12. HP: 58/58 MP: 12/32
 14241 | IceCv    | Noticed a frost giant
 14365 | IceCv    | Killed a frost giant
 14391 | IceCv    | Received a gift from Sif Muna
 14392 | IceCv    | Identified Debadu's Almanac of Attacks (Sif Muna gifted it to you in an ice cave)
 14433 | IceCv    | Got a shimmering halberd
 14434 | IceCv    | Identified the +8 halberd of Wees Adekoth {holy, rElec rPois rC- Dex-3} (You found it in an ice cave)
 14958 | D:11     | Found a staircase to the Lair.
 15319 | Lair:1   | Entered Level 1 of the Lair of Beasts
 15324 | Lair:1   | Reached skill level 15 in Spellcasting
 15397 | Lair:1   | Noticed a five-headed hydra
 15400 | Lair:1   | Killed a five-headed hydra
 15539 | Lair:1   | You are sucked into a shaft!
 15843 | Lair:1   | Received a gift from Sif Muna
 15850 | Lair:1   | Identified Sif Muna's Catalogue of Noxious Translocation (Sif Muna gifted it to you on level 1 of the Lair of Beasts)
 15853 | Lair:1   | Learned a level 1 spell: Apportation
 15858 | Lair:1   | Learned a level 4 spell: Force Lance
 15906 | Lair:1   | Reached skill level 16 in Spellcasting
 16182 | Lair:2   | Reached XP level 13. HP: 65/65 MP: 22/35
 16602 | Lair:2   | Noticed a dire elephant
 16614 | Lair:2   | Killed a dire elephant
 16948 | Lair:2   | Gained mutation: Your muscles are strong. (Str +2) [potion of mutation]
 16948 | Lair:2   | Gained mutation: Scrolls take you a little longer to read. [potion of mutation]
 16948 | Lair:2   | Gained mutation: You evolve. [potion of mutation]
 17243 | Lair:2   | Received a gift from Sif Muna
 17249 | Lair:2   | Identified Sif Muna's Guide on the Gliding Volcanoes (Sif Muna gifted it to you on level 2 of the Lair of Beasts)
 17261 | Lair:2   | Learned a level 3 spell: Gell's Gravitas
 17342 | Lair:2   | Lost mutation: Scrolls take you a little longer to read. [evolution]
 17393 | Lair:2   | Reached skill level 17 in Spellcasting
 18392 | Lair:4   | Reached skill level 5 in Hexes
 18589 | Lair:4   | Found a staircase to the Snake Pit.
 19008 | Lair:4   | Reached XP level 14. HP: 70/70 MP: 37/37
 19184 | Lair:4   | Found a staircase to the Shoals.
 19214 | Lair:4   | Reached skill level 18 in Spellcasting
 19490 | Lair:4   | Upgraded the game from 0.19-a0-599-g723c685 to 0.19-a0-644-gd04d753
 19529 | Lair:4   | Received a gift from Sif Muna
 19539 | Lair:4   | Identified Sif Muna's Lost Secrets of Theurgy (Sif Muna gifted it to you on level 4 of the Lair of Beasts)
 20527 | Lair:6   | Entered Level 6 of the Lair of Beasts
 20949 | Lair:6   | Reached skill level 15 in Conjurations
 21093 | Lair:6   | Found a staircase to the Slime Pits.
 21094 | Lair:6   | Found a viscous altar of Jiyva.
 21368 | Lair:6   | Reached skill level 19 in Spellcasting
 21605 | Lair:6   | Got a scorched morningstar
 21606 | Lair:6   | Identified the cursed +0 morningstar of Discomfort {pain, rPois rC+} (You found it on level 6 of the Lair of Beasts)
 21608 | Lair:6   | Upgraded the game from 0.19-a0-644-gd04d753 to 0.19-a0-659-g8260ecf
 21748 | Shoals:1 | Entered Level 1 of the Shoals
 21797 | Shoals:1 | Got a shimmering helmet
 21798 | Shoals:1 | Identified the cursed +0 helmet "Rebbyet" {rElec rPois rF- Str+4} (You found it on level 1 of the Shoals)
 22093 | Shoals:1 | Noticed a kraken
 22116 | Shoals:1 | Killed a kraken
 22116 | Shoals:1 | Received a gift from Sif Muna
 22117 | Shoals:1 | Identified Sif Muna's Catalogue of Lucky Changing (Sif Muna gifted it to you on level 1 of the Shoals)
 22122 | Shoals:1 | Learned a level 3 spell: Ozocubu's Armour
 22170 | Shoals:1 | Found Qaizid's Armour Shop.
 22238 | Shoals:1 | Bought a +0 pair of gloves of dexterity for 138 gold pieces
 22294 | Shoals:1 | Found Odasham's Antique Weapon Emporium.
 22336 | Shoals:1 | Gained mutation: You are partially covered in large bone plates. (AC +2, SH +2) [evolution]
 22518 | Shoals:1 | Reached XP level 15. HP: 74/74 MP: 39/40
 23016 | Shoals:2 | Reached skill level 1 in Shields
 23182 | Shoals:2 | Reached skill level 20 in Spellcasting
 23393 | Shoals:2 | Got an ichor-stained dagger
 23407 | Shoals:2 | Reached skill level 1 in Necromancy
 23413 | Shoals:2 | Identified the +7 dagger of Valiance {freeze, Str+3} (You found it on level 2 of the Shoals)
 24258 | D:12     | Gained mutation: Your flesh is cold resistant. (rC+) [evolution]
 24258 | D:12     | Lost mutation: You evolve. [end of evolution]
 24747 | D:12     | Found Cahoy's Armour Shoppe.
 24898 | D:12     | Received a gift from Sif Muna
 24899 | D:12     | Identified Sif Muna's Guide on Shifting Confrontation (Sif Muna gifted it to you on level 12 of the Dungeon)
 24927 | D:12     | Learned a level 2 spell: Throw Flame
 24959 | D:12     | Found a staircase to the Orcish Mines.
 25346 | Orc:1    | Entered Level 1 of the Orcish Mines
 25462 | Orc:1    | Noticed Maurice
 25467 | Orc:1    | Killed Maurice
 25584 | Orc:1    | Noticed an orc warlord
 25596 | Orc:1    | Killed an orc warlord
 25596 | Orc:1    | Reached skill level 1 in Evocations
 25816 | Orc:2    | Entered Level 2 of the Orcish Mines
 25816 | Orc:2    | Found a staircase to the Elven Halls.
 25826 | Orc:2    | Noticed Snorg
 25840 | Orc:2    | Killed Snorg
 26018 | Orc:2    | Paralysed by an orc sorcerer for 6 turns
 26108 | Orc:1    | Learned a level 4 spell: Animate Dead
 26553 | Orc:2    | Found Emopn's Weapon Emporium.
 26554 | Orc:2    | Found Meug's General Store.
 26555 | Orc:2    | Reached skill level 21 in Spellcasting
 26556 | Orc:2    | Found Muhusiot's General Store.
 26601 | Orc:2    | Found Usiqo's Distillery.
 26907 | Snake:1  | Entered Level 1 of the Snake Pit
 26913 | Snake:1  | Reached XP level 16. HP: 78/80 MP: 27/43
 27110 | Snake:1  | Received a gift from Sif Muna
 27111 | Snake:1  | Identified Ruagatu's Compendium of Ashen Good Luck (Sif Muna gifted it to you on level 1 of the Snake Pit)
 27119 | Snake:1  | Learned a level 6 spell: Deflect Missiles
 27580 | Snake:1  | Reached skill level 5 in Necromancy
 29955 | Shoals:2 | Received a gift from Sif Muna
 30035 | Shoals:3 | Reached skill level 22 in Spellcasting
 30211 | Shoals:3 | Reached skill level 5 in Translocations
 30934 | Shoals:4 | Entered Level 4 of the Shoals
 30943 | Shoals:4 | Noticed Ilsuiw
 30994 | Shoals:3 | Reached XP level 17. HP: 81/84 MP: 7/45
 32031 | Shoals:4 | Got a barnacled rune of Zot
 32075 | Shoals:4 | Killed Ilsuiw
 32212 | Shoals:4 | Identified the Incunabulum of Summoning and Ignition
 32218 | Shoals:4 | Learned a level 4 spell: Summon Lightning Spire
 32408 | Shoals:4 | Received a gift from Sif Muna
 32499 | Shoals:4 | Noticed Polyphemus
 32537 | Shoals:4 | Killed Polyphemus
 32574 | Shoals:4 | Learned a level 5 spell: Bolt of Draining
 32629 | Shoals:4 | Reached skill level 23 in Spellcasting
 33333 | Snake:4  | Entered Level 4 of the Snake Pit
 33500 | Snake:4  | Noticed Aizul
 33658 | Snake:4  | Killed Aizul
 33920 | Snake:4  | Reached skill level 10 in Stealth
 34236 | Snake:4  | Received a gift from Sif Muna
 34238 | Snake:4  | Identified Sif Muna's Tome of Greatest Risks and Utility (Sif Muna gifted it to you on level 4 of the Snake Pit)
 35161 | Snake:4  | Reached XP level 18. HP: 89/89 MP: 43/47
 35956 | Snake:4  | Reached skill level 24 in Spellcasting
 35976 | Snake:4  | Got a serpentine rune of Zot
 36322 | Snake:3  | Reached skill level 10 in Necromancy
 36329 | Snake:3  | Received a gift from Sif Muna
 36330 | Snake:3  | Identified Xice's Papyrus of Destructive Glamour (Sif Muna gifted it to you on level 3 of the Snake Pit)
 36600 | Lair:4   | Learned a level 6 spell: Death Channel
 36606 | Lair:4   | Learned a level 5 spell: Fireball
 36845 | D:13     | Noticed Maud
 36874 | D:13     | Killed Maud
 37744 | D:14     | Found a blossoming altar of Fedhas.
 38013 | D:14     | Got a slimy buckler
 38024 | D:14     | Identified the +1 buckler "Kiteve" {*Confuse +Inv Dex+4} (You acquired it on level 14 of the Dungeon)
 38417 | D:14     | Found a gate to the Vaults.
 38699 | Vaults:1 | Entered Level 1 of the Vaults
 39608 | Vaults:1 | Received a gift from Sif Muna
 39609 | Vaults:1 | Identified Oderidgh's Handbook of Necromancy and Fire (Sif Muna gifted it to you on level 1 of the Vaults)
 39818 | Vaults:1 | Upgraded the game from 0.19-a0-659-g8260ecf to 0.19-a0-675-gf8984cf
 40062 | Vaults:1 | Noticed a tentacled monstrosity
 40075 | Vaults:1 | Killed a tentacled monstrosity
 40075 | Vaults:1 | Reached skill level 25 in Spellcasting
 40164 | Vaults:1 | Reached XP level 19. HP: 91/95 MP: 24/50
 41563 | Vaults:2 | Reached skill level 5 in Air Magic
 41577 | Vaults:2 | Noticed Margery
 41588 | Vaults:2 | Killed Margery
 41588 | Vaults:2 | Received a gift from Sif Muna
 41653 | Vaults:2 | Identified Sif Muna's Almanac of Ensnaring Battle Magic (Sif Muna gifted it to you on level 2 of the Vaults)
 41665 | Vaults:2 | Got a jewelled arbalest
 41666 | Vaults:2 | Identified the +6 arbalest of Satyriasis {freeze, rN+} (You found it on level 2 of the Vaults)
 43251 | Vaults:2 | Got a wavering granite ring
 43252 | Vaults:2 | Identified the ring "Domuarud" {*Tele Dex+3} (You found it on level 2 of the Vaults)
 43416 | Elf:1    | Entered Level 1 of the Elven Halls
 43425 | Elf:1    | Learned a level 5 spell: Yara's Violent Unravelling
 43563 | Elf:1    | Noticed Agnes
 43585 | Elf:1    | Killed Agnes
 43740 | Elf:1    | Reached skill level 26 in Spellcasting
 43894 | Elf:1    | Received a gift from Sif Muna
 43894 | Elf:1    | Reached skill level 1 in Transmutations
 43926 | Elf:1    | Identified Sif Muna's Disquisition on Twisted Bewitchment (Sif Muna gifted it to you on level 1 of the Elven Halls)
 43968 | Elf:1    | Noticed Nikola
 43987 | Elf:1    | Killed Nikola
 44106 | Elf:1    | Noticed Louise
 44123 | Elf:1    | Killed Louise
 44228 | Elf:1    | Noticed Asterion
 44295 | Elf:1    | Killed Asterion
 44386 | Elf:1    | Reached XP level 20. HP: 77/100 MP: 52/52
 45408 | Elf:2    | Noticed Saint Roka
 45783 | Elf:1    | Got a pair of ichor-stained gloves
 45794 | Elf:1    | Identified the +0 pair of gloves of the Orb {rElec Regen+ rCorr} (You acquired it on level 1 of the Elven Halls)
 45816 | Elf:2    | Received a gift from Sif Muna
 45816 | Elf:2    | Reached XP level 21. HP: 104/104 MP: 51/53
 45817 | Elf:2    | Identified Sif Muna's Almanac of Lucky Fire (Sif Muna gifted it to you on level 2 of the Elven Halls)
 45826 | Elf:2    | Learned a level 7 spell: Delayed Fireball
 45928 | Elf:2    | Found a runed gate.
 45928 | Elf:2    | Found a runed gate.
 45998 | Elf:2    | Found a runed gate.
 46202 | Elf:2    | Killed Saint Roka
 47180 | Elf:2    | Received a gift from Sif Muna
 47185 | Elf:2    | Identified Dispater's Compendium of Conjuration and Summoning (Sif Muna gifted it to you on level 2 of the Elven Halls)
 47617 | Elf:3    | Entered Level 3 of the Elven Halls
 47670 | Elf:3    | Found a magical portal.
 47708 | WizLab   | Entered Doroklohe's Tomb
 48013 | WizLab   | Reached skill level 27 in Spellcasting
 48397 | WizLab   | Got a pitted leather armour
 48403 | WizLab   | Got a jewelled shield
 48414 | WizLab   | Identified the cursed -7 shield of Liufais {+Inv Int+2} (You found it in a wizard's laboratory)
 48424 | WizLab   | Identified the +2 leather armour of Elyvilon's Pride {MR+ MP+9 Str+2} (You found it in a wizard's laboratory)
 49207 | Elf:3    | Received a gift from Sif Muna
 49208 | Elf:3    | Identified Sif Muna's Almanac of Bewitchment and the Compass (Sif Muna gifted it to you on level 3 of the Elven Halls)
 49237 | Elf:3    | Got an obsidian-encrusted leather armour
 49262 | Elf:3    | Found Rucah's Armour Boutique.
 49278 | Elf:3    | Identified the +3 leather armour of Greed {Regen+ Dex-5 Stlth+} (You took it off a deep elf demonologist on level 3 of the Elven Halls)
 49431 | Elf:3    | Reached XP level 22. HP: 109/109 MP: 51/55
 49613 | Elf:3    | Got a faintly glowing ivory ring
 49668 | Elf:3    | Reached skill level 10 in Hexes
 49680 | Elf:3    | Identified the Catalogue of Conjuration and Transformation
 49699 | Elf:3    | Learned a level 4 spell: Passage of Golubria
 49719 | Elf:3    | Got a shimmering platinum amulet
 49720 | Elf:3    | Identified the amulet of Ideocs {Reflect rF+ MP+9 Dex+4 SH+3 SInv} (You took it off a deep elf high priest on level 3 of the Elven Halls)
 49725 | Elf:3    | Identified the ring "Diprag" {*Corrode rN+ MR+ Str-2 Dex+7} (You took it off a deep elf master archer on level 3 of the Elven Halls)
 49763 | Elf:3    | Identified Sif Muna's Tome of Black Secrets and the Voyage (You found it on level 3 of the Elven Halls)
 50570 | Elf:3    | Bought a +1 cloak for 184 gold pieces
 50632 | Elf:3    | Got an ominously black robe
 50633 | Elf:3    | Identified the +3 robe "Ybbaroep" {Stlth+} (You took it off a deep elf master archer on level 3 of the Elven Halls)
 50985 | Vaults:3 | Reached skill level 15 in Charms
 51022 | Vaults:3 | Noticed Frederick
 51039 | Vaults:3 | Killed Frederick
 51298 | Vaults:3 | Received a gift from Sif Muna
 51305 | Vaults:3 | Learned a level 1 spell: Animate Skeleton
 51760 | Vaults:3 | Found a staircase to the Crypt.
 51760 | Vaults:3 | Found an ancient bone altar of Kikubaaqudgha.
 51761 | Vaults:3 | Found a basalt altar of Yredelemnul.
 51841 | Vaults:3 | Found Uxzimi's Jewellery Boutique.
 52100 | Vaults:3 | Found Naism's Antique Armour Emporium.
 52108 | Vaults:3 | Bought a dazzling cloak for 247 gold pieces
 52108 | Vaults:3 | Bought a faintly glowing leather armour for 182 gold pieces
 52118 | Vaults:3 | Identified the +2 cloak of the Moon Troll {rC- Str+8} (You bought it in a shop on level 3 of the Vaults)
 52138 | Vaults:3 | Identified the cursed +1 leather armour of the Armadillo {MR+ Str+3 Int+3 Slay+2} (You bought it in a shop on level 3 of the Vaults)
 52151 | Vaults:3 | Found Vaamaur's Armour Shoppe.
 52187 | Vaults:3 | Found Pipuxet's Antique Weapon Shop.
 52367 | Vaults:3 | Found Lostryof's Food Emporium.
 52594 | Vaults:4 | Noticed Sojobo
 52612 | Vaults:4 | Killed Sojobo
 52739 | Vaults:4 | Noticed Xtahua
 52745 | Vaults:4 | Killed Xtahua
 53933 | Crypt:1  | Entered Level 1 of the Crypt
 53955 | Crypt:1  | Learned a level 4 spell: Control Undead
 54203 | Crypt:1  | Noticed Donald
 54211 | Crypt:1  | Killed Donald
 54215 | Crypt:1  | Received a gift from Sif Muna
 54241 | Crypt:1  | Reached XP level 23. HP: 88/114 MP: 18/56
 54471 | Crypt:1  | Reached skill level 10 in Dodging
 54635 | Crypt:1  | Noticed Wiglaf
 54657 | Crypt:1  | Killed Wiglaf
 55807 | Crypt:3  | Entered Level 3 of the Crypt
 56490 | Lair:4   | Learned a level 5 spell: Dispel Undead
 57251 | Crypt:3  | Upgraded the game from 0.19-a0-675-gf8984cf to 0.19-a0-683-g5f2401d
 57382 | Crypt:3  | Received a gift from Sif Muna
 57383 | Crypt:3  | Identified Sif Muna's Tome of Flight (Sif Muna gifted it to you on level 3 of the Crypt)
 57648 | Crypt:3  | Noticed Khufu
 57653 | Crypt:3  | Noticed a greater mummy
 58366 | Crypt:3  | Reached skill level 15 in Necromancy
 58414 | Crypt:3  | Noticed a greater mummy
 58551 | Crypt:3  | Found a basalt altar of Yredelemnul.
 58551 | Crypt:3  | Noticed a curse toe
 58571 | Crypt:3  | Killed a curse toe
 58746 | Crypt:3  | Found an ancient bone altar of Kikubaaqudgha.
 58757 | Crypt:3  | Got a serpentine jade ring
 58758 | Crypt:3  | Identified the ring of Byocw {rN+ Str+6} (You found it on level 3 of the Crypt)
 58759 | Crypt:3  | Identified the ring of Tixt {rN+ Int+3} (You found it on level 3 of the Crypt)
 58829 | Crypt:3  | Learned a level 4 spell: Airstrike
 58882 | Crypt:3  | Killed Khufu
 59284 | Crypt:3  | Killed a greater mummy
 59496 | Crypt:3  | Found a staircase to the Tomb.
 59552 | Crypt:3  | Killed a greater mummy
 59552 | Crypt:3  | Reached skill level 5 in Shields
 59822 | Elf:1    | Learned a level 5 spell: Yara's Violent Unravelling
 59880 | D:15     | Entered Level 15 of the Dungeon
 59935 | D:15     | Received a gift from Sif Muna
 60439 | D:15     | Found a staircase to the Depths.
 60529 | D:15     | Reached XP level 24. HP: 120/120 MP: 34/56
 60793 | Depths:1 | Entered Level 1 of the Depths
 60816 | Depths:1 | Noticed Mara
 60821 | Depths:1 | Noticed nubinia's illusion
 60846 | Depths:1 | Noticed nubinia's illusion
 61078 | Depths:1 | Noticed nubinia's illusion
 61086 | Depths:1 | Killed Mara
 61187 | Depths:1 | Found Rudoesum's Pet Rocks.
 61481 | Depths:1 | Found a gateway to a ziggurat.
 61528 | Depths:1 | Found a gateway to Hell.
 61933 | Depths:2 | Received a gift from Sif Muna
 61934 | Depths:2 | Identified Sif Muna's Catalogue of Unholy Battle Magic (Sif Muna gifted it to you on level 2 of the Depths)
 62011 | Depths:2 | Reached skill level 1 in Fire Magic
 62068 | Depths:2 | Got a steaming scimitar {holy}
 62069 | Depths:2 | Identified the +7 scimitar of the Beginning {holy, Dex+8} (You took it off a boggart on level 2 of the Depths)
 62566 | Depths:2 | Found a shattered altar of Ashenzari.
 63027 | Depths:2 | Found a one-way gate leading to the halls of Pandemonium.
 63168 | Depths:2 | Got a transparent spear
 63169 | Depths:2 | Identified the +6 spear "Puegh" {pierce, rElec Stlth+} (You found it on level 2 of the Depths)
 63468 | Depths:3 | Noticed Jory
 63478 | Depths:3 | Killed Jory
 63737 | Depths:3 | Received a gift from Sif Muna
 63738 | Depths:3 | Identified Sif Muna's Volume of Ghastly Benedictions (Sif Muna gifted it to you on level 3 of the Depths)
 65194 | Depths:3 | Reached XP level 25. HP: 121/125 MP: 39/56
 65403 | Depths:3 | Reached skill level 10 in Air Magic
 65911 | Depths:3 | Received a gift from Sif Muna
 65914 | Depths:3 | Identified Sif Muna's Papyrus of Conjuration (Sif Muna gifted it to you on level 3 of the Depths)
 66110 | Depths:3 | Got a steaming copper ring
 66111 | Depths:3 | Identified the ring of Ifonuc {+Blink MR++ Str-2 Slay+4 Stlth-} (You found it on level 3 of the Depths)
 66914 | Depths:4 | Found a one-way gate to the infinite horrors of the Abyss.
 66935 | Depths:4 | Found Jafio's Assorted Antiques.
 66968 | Depths:4 | Noticed a juggernaut
 67243 | Depths:4 | Killed a juggernaut
 67342 | Depths:4 | Reached skill level 10 in Translocations
 67345 | Depths:4 | Received a gift from Sif Muna
 67348 | Depths:4 | Identified Sif Muna's Catalogue of Displaced Flames (Sif Muna gifted it to you on level 4 of the Depths)
 67363 | Depths:4 | Got an ichor-stained demon trident {pierce}
 67364 | Depths:4 | Identified the +10 demon trident "Ycwo" {pierce, rF+ Int+6} (You took it off a deep elf high priest on level 4 of the Depths)
 67539 | Depths:4 | Reached skill level 5 in Short Blades
 67707 | Depths:4 | Upgraded the game from 0.19-a0-683-g5f2401d to 0.19-a0-687-g35db334
 68157 | Depths:5 | Entered Level 5 of the Depths
 68460 | Depths:5 | Received a gift from Sif Muna
 68462 | Depths:5 | Identified Resteg's Incunabulum of Curses and Air (Sif Muna gifted it to you on level 5 of the Depths)
 68469 | Depths:5 | Found a gate to the Realm of Zot.
 69374 | Vaults:5 | Entered Level 5 of the Vaults
 69386 | Vaults:4 | Reached XP level 26. HP: 122/131 MP: 56/56
 70060 | Vaults:5 | Noticed namelastname112's ghost (veteran DrFE)
 70397 | Vaults:4 | Got a sparkling lapis lazuli ring
 70399 | Vaults:4 | Identified the ring "Koseto" {rC+ rN+ AC+1 Str+4 Int-5} (You took it off a yaktaur captain on level 4 of the Vaults)
 70481 | Vaults:4 | Upgraded the game from 0.19-a0-687-g35db334 to 0.19-a0-706-g03de5d9
 70489 | Vaults:4 | Received a gift from Sif Muna
 70490 | Vaults:4 | Identified Sif Muna's Handbook of Sinister Attacks (Sif Muna gifted it to you on level 4 of the Vaults)
 70789 | Vaults:5 | Killed namelastname112's ghost
 70824 | Vaults:5 | Got a clouded silver ring
 70964 | Vaults:5 | Got a flickering ivory ring
 71040 | Vaults:5 | Got a polished rapier {flame}
 71041 | Vaults:5 | Identified the +5 rapier "Ywkudd" {flame, rC+ Dex+6} (You took it off a deep elf annihilator on level 5 of the Vaults)
 71058 | Vaults:5 | Identified the Incunabulum of Protection
 71066 | Vaults:5 | Learned a level 6 spell: Haste
 71088 | Vaults:5 | Identified the ring "Biagh" {rN+ Stlth-} (You took it off a deep elf annihilator on level 5 of the Vaults)
 71094 | Vaults:5 | Identified the ring of Wugysh {*Tele rC++ Dex+2} (You found it on level 5 of the Vaults)
 71126 | Vaults:5 | Got a silver rune of Zot
 71175 | Vaults:5 | Got an ancient golden ring
 71245 | Vaults:5 | Reached skill level 15 in Dodging
 71834 | Vaults:5 | Identified the ring of Circularity {SustAt Stlth+} (You found it on level 5 of the Vaults)
 72189 | Temple   | Entered the Ecumenical Temple
 72350 | Temple   | Fell from the grace of Sif Muna
 72350 | Temple   | Became a worshipper of Zin the Law-Giver
 72350 | Temple   | Reached * piety under Zin
 72350 | Temple   | Reached ** piety under Zin
 72351 | Temple   | Donated 3713 gold pieces to Zin
 72372 | D:7      | Reached *** piety under Zin
 72517 | D:11     | Reached **** piety under Zin
 72648 | Lair:4   | Reached ***** piety under Zin
 72679 | Slime:1  | Entered Level 1 of the Pits of Slime
 72820 | Lair:6   | Paralysed by miscasting Iskenderun's Battlesphere for 6 turns
 72834 | Lair:6   | Learned a level 1 spell: Apportation
 72953 | Lair:4   | Learned a level 5 spell: Bolt of Magma
 72969 | Snake:1  | Reached ****** piety under Zin
 72993 | Snake:1  | Learned a level 6 spell: Freezing Cloud
 73246 | Vaults:1 | Learned a level 4 spell: Sticky Flame
 73546 | Depths:4 | Voluntarily entered the Abyss.
 74082 | Abyss:1  | Paralysed by accursed screaming for 1 turns
 74723 | Depths:4 | Escaped the Abyss
 76060 | Slime:1  | Reached XP level 27. HP: 136/136 MP: 56/56
 77853 | Slime:4  | Gained mutation: Your body sometimes deteriorates upon taking damage. [mutagenic glow]
 77893 | Slime:3  | Gained mutation: You regenerate slowly when monsters are visible. [mutagenic glow]
 78671 | Depths:4 | Voluntarily entered the Abyss.
 78671 | Abyss:1  | Found a corrupted altar of Lugonu.
 78901 | Depths:4 | Escaped the Abyss
 78903 | Depths:4 | Lost mutation: You regenerate slowly when monsters are visible. [potion of cure mutation]
 78903 | Depths:4 | Lost mutation: Your flesh is cold resistant. (rC+) [potion of cure mutation]
 78903 | Depths:4 | Lost mutation: Your body sometimes deteriorates upon taking damage. [potion of cure mutation]
 78903 | Depths:4 | Lost mutation: You are partially covered in large bone plates. (AC +2, SH +2) [potion of cure mutation]
 78903 | Depths:4 | Lost mutation: Your muscles are strong. (Str +2) [potion of cure mutation]
 78905 | Depths:4 | Voluntarily entered the Abyss.
 79042 | Abyss:2  | Found a corrupted altar of Lugonu.
 79271 | Abyss:2  | Noticed an ancient lich
 79279 | Abyss:2  | Paralysed by accursed screaming for 1 turns
 79280 | Abyss:2  | Annihilated by a white very ugly thing

Vault maps used:
D:1:      dpeg_arrival_shelter
D:2:      okawaru_altar_gauntlet_db, elyvilon_altar_5, uniq_terence
D:3:      hex_large
D:4:      lemuel_blue_sif_altar, kiku_gazebo_pond_becter, serial_shops, shop
D:5:      grunt_dithmenos_smoke, minitemple, first_bread, eino_curves_02,
          corexii_corridor_pit
D:6:      serial_shops, shop
D:7:      nicolae_overflow_hidden_temple, minmay_temple_entry_nine_rooms,
          basic_altar, the_bakery, grunt_qazlal_clouds, uniq_joseph
D:8:      nicolae_ru_great_annihilating_truth,
          lemuel_mausoleum_altar_yredelemnul, uniq_grum, uniq_erica,
          uniq_gastronok, uniq_psyche
D:9:      grunt_decor_mini_mirrors, nemelex_lonely_heart_becter,
          uniq_prince_ribbit1
D:10:     lemuel_upstairs_altar, nicolae_trove_entry_path_of_doom
D:11:     lair_0_dummy, portal_ice_cave_rime
D:12:     zombieorc1_lemuel, serial_shops, shop
D:13:     uniq_maud
D:14:     david_vaults_2, basic_altar
D:15:     hangedman_depths_entry_try_elsewhere_first, small_statue_alley_a,
          serial_bayou_pond_b, minivault_16
Temple:   hc_temple_tempest_star
Lair:1:   eino_small_chamber_without_monster
Lair:2:   mu_elephants_graveyard, bh_autumn_forest_stairs
Lair:3:   grunt_forest_small_clearings
Lair:4:   minmay_shoals_entry_lonely_mermaid, minmay_snake_entry_six_corridors
Lair:5:   grunt_megastairs_5
Lair:6:   grunt_lair_end_beastmaster, slime_altar_1, infiniplex_staircase_pool
Shoals:1: serial_shops, shop, nicolae_shoals_c_island
Shoals:4: shoals_end_grunt_garden, shoals_ilsuiw_alternative, uniq_polyphemus
Snake:3:  nicolae_large_snake_swirl
Snake:4:  grunt_snake_rune_pools, grunt_ministairs_11, serial_bayou_shore_b,
          uniq_aizul
Slime:4:  cheibrodos_slime_lost_civilization_7
Orc:1:    uniq_maurice
Orc:2:    st_orc_open, uniq_snorg
Elf:1:    eino_elf_arrival_shootout, orc_legates, grunt_megastairs_1,
          uniq_louise, uniq_asterion, uniq_nikola, uniq_agnes
Elf:2:    fountainhead, uniq_saint_roka
Elf:3:    grunt_elf_hall_spiral, serial_shops, nicolae_shop_trees,
          lightli_enter_wizlab_magi_temple
Vaults:1: ontoclasm_vaults_ligature, nicolae_vaults_angled_halls,
          nicolae_vaults_c_with_doors, vaults_standard_mumra_lines,
          ontoclasm_vaults_ring_square, ontoclasm_vaults_idyll, v_alt_pattern_1,
          nicolae_vaults_mini_display_case
Vaults:2: st_eye, grunt_vaults_bifocal, ontoclasm_vaults_bender,
          nicolae_vaults_stairing_the_circle, nicolae_vaults_back_hallway,
          hangedman_vaults_trim, hangedman_vaults_impose,
          vaults_standard_mumra_enter_the_diamond, uniq_margery
Vaults:3: hangedman_vaults_stitches, hangedman_vaults_unwind,
          minmay_crypt_entry_necro_gods, nicolae_vaults_ring_of_whatevers,
          v_misc_24, nicolae_vaults_theta, hangedman_vaults_snaps, v_pattern_5,
          vaults_room_glass_cross, grunt_vaults_funnel,
          nicolae_vaults_little_squares_2, serial_shops, shop, shop_statue,
          shop, nicolae_shop_trees, shop, uniq_frederick
Vaults:4: nicolae_vaults_little_squares_2, vaults_dpeg_cross, v_misc_17,
          nicolae_vaults_triangles, ontoclasm_vaults_twist, v_alt_pattern_2,
          vaults_dpeg_encased_lava, nicolae_vaults_rhombus_6, v_alt_pattern_1,
          nicolae_vaults_little_squares_2, vaults_dpeg_hooks, uniq_sojobo,
          uniq_xtahua
Crypt:1:  grunt_ministairs_2, fountainhead, uniq_donald, uniq_wiglaf
Crypt:2:  minivault_23
Crypt:3:  lightli_unholy_cathedral, tomb_entry_simple_bobbens, uniq_khufu
Depths:1: enter_ziggurat_d, grunt_mini_vestibule, guppyfry_shop_earth, uniq_mara
Depths:2: minmay_broken_ring, grunt_hell_entry_dis_old,
          hangedman_decor_riveting, pan_entry, spider_trap,
          hangedman_abyss_or_decor_stabs, nicolae_ashenzari_panopticon,
          serial_bayou_shore_b, infiniplex_staircase_trident
Depths:3: radiant_caverns_a_rkd, hell_entry, pan_entry, uniq_jory
Depths:4: grunt_x_marks_the_spot, hangedman_tar_grid_catacomb,
          infiniplex_staircase_zigzag_2, serial_shops, shop,
          rand_demon_pan_entry_7, abyss_entry_small_statue_room,
          kennysheep_potato, firewood_loft
Depths:5: grunt_crosshair, minmay_misc_feat_secret_circle, hell_entry,
          corexii_corridor_pit, nicolae_lava_and_water, lemuel_freeze_loot_1
Abyss:2:  minivault_11
Abyss:3:  nicolae_abyss_rune_star_stuff, evilmike_abyss_exit_13,
          evilmike_abyss_exit_kraken
IceCv:    ice_cave_caverns_03
WizLab:   wizlab_doroklohe

Skill      XL: |  1  2  3  4  5  6  7  8  9 10 11 12 13 14 15 16 17 18 19 20 21 22 23 24 25 26 27 |
---------------+----------------------------------------------------------------------------------+-----
Spellcasting   | 5 6 7 8 9 10 12 14 16 17 19 21 22 23 25 26 27 | 27.0
Dodging        | 3 4 5 6 7 8 9 11 12 19 20 | 20.2
Conjurations   | 2 3 4 5 6 7 9 11 12 14 15 16 17 18 19 20 21 22 23 24 25 26 | 26.0
Stealth        | 3 4 5 6 7 8 9 10 11 12 13 | 13.9
Short Blades   | 1 2 3 4 5 |  5.7
Air Magic      | 1 2 3 4 5 6 7 9 12 13 | 13.2
Charms         | 8 10 11 12 13 14 15 16 17 | 17.5
Invocations    | 2 5 6 |  6.8
Fighting       | 1 2 3 4 |  4.5
Armour         | 1 2 3 4 |  4.4
Hexes          | 1 3 4 5 7 8 9 11 12 14 | 14.0
Translocations | 2 3 4 5 6 7 8 9 10 | 10.6
Shields        | 1 2 3 5 6 7 |  7.3
Necromancy     | 3 7 9 11 12 13 15 | 15.0
Evocations     | 1 2 3 |  3.7
Transmutations | 1 4 |  4.6
Fire Magic     | 1 2 |  2.5
Summonings     | |  1.1
Poison Magic   | |  0.9

Action                   |  1- 3 |  4- 6 |  7- 9 | 10-12 | 13-15 | 16-18 | 19-21 | 22-24 | 25-27 || total
-------------------------+-------+-------+-------+-------+-------+-------+-------+-------+-------++-------
Melee: Hand axe          |    15 |       |       |       |       |       |       |       |       ||    15
       Dagger            |    10 |    36 |    66 |    70 |   188 |   382 |   252 |       |       ||  1004
       Flail             |       |       |     1 |     1 |     2 |     2 |     7 |       |       ||    13
       Rapier            |       |       |       |       |       |       |       |   417 |   846 ||  1263
 Fire: Blowgun           |       |       |    11 |       |       |       |       |       |       ||    11
 Cast: Magic Dart        |   102 |   145 |   325 |   236 |   278 |   300 |   129 |    89 |       ||  1604
       Repel Missiles    |     1 |       |     1 |     1 |     1 |       |       |       |       ||     4
       Mephitic Cloud    |       |     5 |    25 |    52 |    92 |    64 |   121 |    58 |    34 ||   451
       Conjure Flame     |       |       |     2 |       |     1 |       |       |       |       ||     3
       Iskenderun's Batt |       |       |    10 |    86 |   151 |   158 |    95 |   136 |    83 ||   719
       Dazzling Spray    |       |       |     7 |   117 |    68 |    61 |     9 |     3 |       ||   265
       Iskenderun's Myst |       |       |       |    34 |   207 |   208 |    98 |   142 |    45 ||   734
       Regeneration      |       |       |       |     6 |    18 |    28 |    17 |     8 |    17 ||    94
       Force Lance       |       |       |       |     1 |   221 |   167 |   107 |   269 |   212 ||   977
       Shroud of Golubri |       |       |       |       |    24 |    23 |    15 |    13 |    22 ||    97
       Swiftness         |       |       |       |       |     2 |     1 |     3 |     3 |     1 ||    10
       Ozocubu's Armour  |       |       |       |       |    22 |    31 |       |    10 |    24 ||    87
       Gell's Gravitas   |       |       |       |       |     2 |       |       |       |       ||     2
       Blink             |       |       |       |       |     1 |       |       |       |     5 ||     6
       Animate Dead      |       |       |       |       |    12 |   111 |    47 |    74 |    37 ||   281
       Deflect Missiles  |       |       |       |       |       |    10 |     8 |     5 |     4 ||    27
       Bolt of Draining  |       |       |       |       |       |   109 |   173 |   203 |   172 ||   657
       Summon Lightning  |       |       |       |       |       |    31 |    36 |    41 |    12 ||   120
       Fireball          |       |       |       |       |       |     3 |       |    13 |    43 ||    59
       Death Channel     |       |       |       |       |       |       |     1 |     1 |       ||     2
       Apportation       |       |       |       |       |       |       |     1 |       |     5 ||     6
       Delayed Fireball  |       |       |       |       |       |       |     1 |     2 |     3 ||     6
       Animate Skeleton  |       |       |       |       |       |       |       |    30 |    23 ||    53
       Control Undead    |       |       |       |       |       |       |       |    46 |       ||    46
       Dispel Undead     |       |       |       |       |       |       |       |   121 |    21 ||   142
       Airstrike         |       |       |       |       |       |       |       |   127 |   200 ||   327
       Sticky Flame      |       |       |       |       |       |       |       |       |    10 ||    10
       Freezing Cloud    |       |       |       |       |       |       |       |       |     2 ||     2
Invok: Channel Energy    |       |       |    40 |   255 |   721 |   408 |   322 |   338 |   437 ||  2521
       Forget Spell      |       |       |       |       |       |     2 |       |     3 |     5 ||    10
       Recite            |       |       |       |       |       |       |       |       |    17 ||    17
       Donate Gold       |       |       |       |       |       |       |       |       |     1 ||     1
 Abil: Stop Flying       |       |       |       |       |     2 |       |       |     3 |     3 ||     8
       Evoke Flight      |       |       |       |       |     2 |       |       |     2 |     4 ||     8
       Release Delayed F |       |       |       |       |       |       |       |     2 |     3 ||     5
Evoke: Wand              |       |       |       |       |    18 |    23 |    16 |    22 |    12 ||    91
       Lamp of fire      |       |       |       |       |     1 |     5 |     3 |     3 |     1 ||    13
       Fan of gales      |       |       |       |       |     1 |     2 |       |     1 |     4 ||     8
       Sack of spiders   |       |       |       |       |       |     1 |       |       |       ||     1
  Use: Scroll            |     2 |     3 |     7 |    13 |    18 |    20 |    12 |    26 |    15 ||   116
       Potion            |       |     3 |     6 |     3 |     1 |     1 |     5 |     1 |    12 ||    32
 Stab: Sleeping          |     1 |     3 |     1 |     8 |    21 |    19 |    14 |    27 |    13 ||   107
       Confused          |       |     3 |    10 |     4 |    20 |    27 |    44 |    28 |    28 ||   164
       Paralysed         |       |       |     1 |       |       |       |       |       |       ||     1
       Invisible         |       |       |       |     3 |     3 |     3 |       |       |       ||     9
       Distracted        |       |       |       |       |       |     4 |     1 |    13 |     6 ||    24
  Eat: Chunk             |     4 |    10 |    23 |    65 |   142 |    76 |    61 |    71 |    83 ||   535
       Pizza             |       |       |     1 |       |       |       |       |       |       ||     1
       Bread ration      |       |       |       |       |       |     4 |     3 |     2 |     5 ||    14
       Meat ration       |       |       |       |       |       |     1 |     1 |     4 |     1 ||     7
       Fruit             |       |       |       |       |       |    12 |       |     1 |       ||    13
       Beef jerky        |       |       |       |       |       |     1 |       |     1 |     1 ||     3
       Royal jelly       |       |       |       |       |       |       |       |     2 |       ||     2
Armor: Robe              |    11 |     8 |       |       |    12 |    81 |    60 |       |       ||   172
       Leather armour    |       |       |    40 |    22 |   145 |       |       |   125 |   205 ||   537
       Skin              |       |       |       |       |       |     1 |       |       |       ||     1
Dodge: Dodged            |    39 |    23 |    80 |    41 |   259 |   339 |   183 |   353 |   834 ||  2151
       Deflected         |     3 |     2 |     2 |     2 |    18 |   127 |    34 |    41 |    70 ||   299
Block: Buckler           |       |       |       |       |   124 |   258 |   134 |   357 |       ||   873
       Reflection        |       |       |       |       |       |       |       |    40 |    58 ||    98
       Shield            |       |       |       |       |       |       |       |    27 |   952 ||   979
